 Dungeon Crawl Stone Soup version 0.27.0-1-g7a089689b8 (webtiles) character file.

Game seed: 881379380676383073

1757 savi the Shooter (level 8, 0/78 HPs)
             Began as a Troll Hunter on Aug 17, 2021.
             Was an Initiate of Hepliaklqana.
             Slain by a wyvern (13 damage)
             ... on level 7 of the Dungeon.
             The game lasted 01:01:37 (7571 turns).

savi the Shooter (Troll Hunter)                     Turns: 7571, Time: 01:01:38

Health: 0/78       AC:  8    Str: 23    XL:     8   Next: 79%
Magic:  8/8        EV: 10    Int: 13    God:    Hepliaklqana [......]
Gold:   1452       SH:  5    Dex: 10    Spells: 7/7 levels left

rFire    + . .     SeeInvis .   m - +1 dagger (elec)
rCold    + . .     Faith    .   (no shield)
rNeg     . . .     Spirit   .   c - +0 robe
rPois    .         Reflect  +   (helmet restricted)
rElec    +         Harm     .   j - scarf {rC+ rF+}
rCorr    .         Rampage  .   (gloves unavailable)
Will     .....                  (boots unavailable)
Stlth    +.........             e - amulet of reflection
HPRegen  1.23/turn              k - ring "Takhleatei" {rElec AC+4}
MPRegen  0.11/turn              p - +6 ring of intelligence

@: mighty
A: large, unfitting armour, claws 3, regeneration 1, shaggy fur 1, tough skin 1
a: Renounce Religion


You were on level 7 of the Dungeon.
You worshipped Hepliaklqana.
Hepliaklqana was noncommittal.
You visited 2 branches of the dungeon, and saw 8 of its levels.

You collected 1452 gold pieces.

Inventory:

Hand Weapons
 a - a +1 shortbow
 b - a +0 short sword
 m - a +1 dagger of electrocution (weapon)
 A - a +0 longbow
Missiles
 l - 44 arrows
Armour
 c - a +0 robe (worn)
 j - a scarf of resistance (worn)
Jewellery
 d - a +4 ring of evasion
 e - an amulet of reflection (around neck)
 k - the ring "Takhleatei" (left claw) {rElec AC+4}
   (You acquired it on level 2 of the Dungeon)

   [ring of protection]

   AC:        It affects your AC (+4).
   rElec:     It insulates you from electricity.
 p - a +6 ring of intelligence (right claw)
Wands
 x - a wand of acid (8)
Scrolls
 g - a scroll of teleportation {unknown}
 h - a scroll of silence {unknown}
 i - 4 scrolls of identify {unknown}
 r - 3 scrolls of fog {unknown}
 s - 2 scrolls of magic mapping {unknown}
 t - a scroll of immolation {unknown}
 v - a scroll of enchant weapon {unknown}
 w - a scroll of torment {unknown}
 y - a scroll of vulnerability {unknown}
Potions
 f - 2 potions of mutation {unknown}
 o - a potion of lignification {unknown}
 q - a potion of heal wounds {unknown}
 u - a potion of berserk rage {unknown}
 z - 2 potions of attraction {unknown}


   Skills:
 + Level 4.1 Fighting
 + Level 1.9 Short Blades
 + Level 6.3 Bows
 + Level 3.7 Dodging
 + Level 1.1 Stealth
 + Level 1.9 Shields
 + Level 1.5 Invocations


You had 7 spell levels left.
You didn't know any spells.
Your spell library contained the following spells:

 Spells                   Type           Power      Damage    Failure   Level
 Shock                    Conj/Air       0%         1d3       30%         1
 Ensorcelled Hibernation  Hex/Ice        0%         N/A       43%         2
 Conjure Flame            Conj/Fire      0%         6-21      67%         3
 Ignite Poison            Fire/Tmut/Pois 0%         N/A       67%         3
 Spider Form              Tmut/Pois      0%         N/A       67%         3
 Swiftness                Air            0%         N/A       67%         3
 Airstrike                Air            0%         N/A       97%         4
 Sticky Flame             Conj/Fire      0%         2d3       97%         4
 Shadow Creatures         Summ           N/A        N/A       100%        6


Dungeon Overview and Level Annotations

Branches:
Dungeon (7/15)             Temple (1/1) D:6

Altars:
Ashenzari
Cheibriados
Elyvilon
Fedhas
Gozag
Hepliaklqana
Kikubaaqudgha
Nemelex Xobeh
Okawaru
Sif Muna
Trog
Uskayaw
Vehumet
Yredelemnul
Zin
The Shining One


Innate Abilities, Weirdness & Mutations

You are too large for most types of armour.
You have claws for hands.
Your natural rate of healing is unusually fast.
You are covered in fur. (AC +1)
You have tough skin. (AC +1)


Message History

You block the centaur's attack.
Unknown command.
You hit the howler monkey.
Lightning courses through the howler monkey!
The howler monkey is severely wounded.
The howler monkey hoots and howls with incredible vigour!
The centaur hits you with a +0 club.
The centaur kicks you but does no damage.
You hit the howler monkey.
Lightning courses through the howler monkey!!
You kill the howler monkey!
You block the centaur's attack.
The centaur kicks you but does no damage.
You block the wyvern's attack. The centaur misses you.
The centaur closely misses you.
You hit the wyvern.
The wyvern is lightly wounded.
The wyvern bites you. The centaur closely misses you.
The centaur kicks you but does no damage.
You barely miss the wyvern.
The wyvern is lightly wounded.
The wyvern bites you!
The centaur hits you but does no damage.
The centaur barely misses you. The wyvern bites you!
* * * LOW HITPOINT WARNING * * *
It was a potion of might.
You feel very mighty all of a sudden. The centaur hits you with a +0 club.
* * * LOW HITPOINT WARNING * * *
The centaur closely misses you. The wyvern closely misses you.
The centaur hits you but does no damage.
The centaur kicks you but does no damage.
The wyvern bites you.
* * * LOW HITPOINT WARNING * * *
The centaur unwields a +0 club.
The centaur wields a +0 shortbow.
The centaur shoots an arrow.
The arrow closely misses you. The wyvern closely misses you.
You see here an arrow.
The wyvern bites you!
You die...

≈≈.≈..≈≈≈ ≈....≈≈
≈≈≈..≈P ≈≈..≈P ♣♣..P♣
#...≈♣ ######...♣≈###
#...##..@#...#
#...#..l# #<### #
#......c###...# ####..
####....((.(#.##[....#
##.#.#((.......####
#(#.#(....<.......
#............$....
#..........(......
..#./(........####


You could see a wyvern and a centaur.

Vanquished Creatures
  A centaur zombie (D:6)
  A vampire (D:6)
  A water moccasin (D:5)
  A sky beast (D:6)
  An ice beast (D:7)
  A necrophage (D:7)
  5 ogres
  A bullfrog (D:6)
  A scorpion (D:5)
  A water moccasin zombie (D:5)
  4 howler monkeys
  A bullfrog zombie (D:5)
  A bullfrog skeleton (D:5)
  2 hounds (D:6)
  A jelly (D:7)
  5 orc priests
  A centaur skeleton (D:4)
  2 iguanas
  3 orc wizards
  A killer bee zombie (D:7)
  A hound zombie (D:5)
  Robin (D:2)
  6 adders
  2 shadow imps
  2 dart slugs
  10 orcs
  11 endoplasms
  A giant cockroach (D:1)
  17 goblins
  10 hobgoblins
  10 jackals
  2 quokkas
  5 ball pythons
  3 bats
  2 frilled lizards
  A hobgoblin zombie (D:4)
  4 kobolds
  A quokka zombie (D:4)
  6 rats
130 creatures vanquished.

Vanquished Creatures (collateral kills)
  3 goblins (D:2)
  A jackal (D:1)
  A bat (D:1)
5 creatures vanquished.

Vanquished Creatures (others)
  A bat zombie (D:2)
  An adder zombie (D:6)
  A ball python zombie (D:3)
  A goblin zombie (D:1)
  A hobgoblin skeleton (D:2)
  An iguana zombie (D:6)
  An orc skeleton (D:4)
  An orc zombie (D:4)
  A rat skeleton (D:1)
  A sky beast zombie (D:6)
10 creatures vanquished.

Grand Total: 145 creatures vanquished

Notes
Turn   | Place    | Note
-------+----------+-------------------------------------------
     0 | D:1      | savi the Troll Hunter began the quest for the Orb.
     0 | D:1      | Reached XP level 1. HP: 19/19 MP: 0/0
    57 | D:1      | Identified a scroll of acquirement
    57 | D:1      | Acquired an amulet of reflection
   296 | D:1      | Acquired 1287 gold pieces
   301 | D:1      | Reached skill level 3 in Bows
   313 | D:1      | Reached XP level 2. HP: 27/27 MP: 1/1
   571 | D:1      | Reached XP level 3. HP: 33/33 MP: 2/2
   625 | D:1      | Found a faded altar of an unknown god.
   637 | D:1      | Became a worshipper of Yredelemnul the Dark
   637 | D:1      | Reached * piety under Yredelemnul
  2859 | D:2      | Acquired the ring "Takhleatei" {rElec AC+4}
  3005 | D:2      | Noticed Robin
  3028 | D:2      | Reached XP level 4. HP: 23/42 MP: 3/3
  3033 | D:2      | Reached ** piety under Yredelemnul
  3041 | D:2      | Killed Robin
  3868 | D:3      | Found a snail-covered altar of Cheibriados.
  4227 | D:4      | Reached XP level 5. HP: 49/49 MP: 4/4
  4473 | D:4      | Noticed an ogre
  4483 | D:4      | Killed an ogre
  4484 | D:4      | Reached skill level 4 in Bows
  5027 | D:4      | Identified the -1 pair of gloves of Decaying Intercession
                  | {Harm Drain rF++}
  5463 | D:5      | Entered Level 5 of the Dungeon
  5466 | D:5      | Noticed an ogre
  5694 | D:4      | Killed an ogre
  5695 | D:4      | Reached XP level 6. HP: 37/59 MP: 5/5
  5795 | D:5      | Reached skill level 1 in Invocations
  6024 | D:5      | Reached XP level 7. HP: 66/66 MP: 4/6
  6184 | D:6      | Reached skill level 5 in Bows
  6227 | D:6      | Reached skill level 1 in Stealth
  6227 | D:6      | Reached skill level 1 in Shields
  6303 | D:6      | Found a staircase to the Ecumenical Temple.
  6311 | Temple   | Entered the Ecumenical Temple
  6544 | Temple   | Fell from the grace of Yredelemnul
  6544 | Temple   | Became a worshipper of Hepliaklqana the Forgotten
  6848 | D:6      | Noticed a vampire
  6906 | D:6      | Killed a vampire
  6977 | D:6      | Noticed a flying skull
  6977 | D:6      | Noticed a flying skull
  7032 | D:7      | Noticed a wyvern
  7039 | D:6      | HP: 1/67 [flying skull[the anger of Yredelemnul] (10)]
  7123 | D:5      | Reached XP level 8. HP: 50/75 MP: 8/8
  7125 | D:5      | Reached skill level 6 in Bows
  7229 | D:5      | Reached skill level 1 in Short Blades
  7571 | D:7      | Slain by a wyvern

Illustrated notes

Levels and vault maps discovered:
D:1:      lightli_molten_gateway, layout_loops_corners, basic_ecumenical_altar,
          kennysheep_another_room
D:2:      cheibrodos_greedy_goblins, layout_basic, grunt_decor_mini_mirrors,
          dk_noncrumbling_3, uniq_robin
D:3:      layout_loops_ring, mainiacjoe_overflow_catwalk
D:4:      layout_loops_ring
D:5:      minmay_inner_zag, layout_basic, serial_curves, eino_curves_02,
          eino_curves_03
D:6:      layout_loops_ring, minmay_temple_entry_tees
D:7:      layout_rooms, serial_bayou_ford_a, hangedman_decor_push
Temple:   hc_temple_tempest_star

Skill      XL: |  1  2  3  4  5  6  7  8 |
---------------+-------------------------+-----
Bows           | 3 4 5 6 |  6.3
Fighting       | 2 3 4 |  4.1
Dodging        | 2 3 |  3.7
Invocations    | 1 |  1.5
Stealth        | 1 |  1.1
Shields        | 1 |  1.9
Short Blades   | 1 |  1.9

Action                   |  1- 3 |  4- 6 |  7- 9 || total
-------------------------+-------+-------+-------++-------
Melee: Short sword       |     2 |       |       ||     2
       Shortbow          |       |     6 |       ||     6
       Dagger            |       |       |   100 ||   100
 Fire: Shortbow          |   129 |   192 |    91 ||   412
       Longbow           |       |       |    27 ||    27
Invok: Animate Remains   |     8 |    11 |     4 ||    23
       Injury Mirror     |       |     1 |       ||     1
  Use: Scroll            |     3 |     2 |     3 ||     8
       Potion            |       |       |     1 ||     1
Armor: Robe              |    53 |    56 |   103 ||   212
Dodge: Dodged            |    66 |    49 |   125 ||   240
Block: Other             |    33 |    30 |    56 ||   119
